 Dungeon Crawl Stone Soup version 0.31-a0-175-g9f7f995f2b (webtiles) character file.

Game seed: 4730055848435535826

174 innerfire43 the Digger (level 5, -1/48 HPs)
             Began as a Troll Wanderer on June 16, 2023.
             Succumbed to an orc wizard's poison
             ... on level 3 of the Dungeon.
             The game lasted 00:03:53 (1838 turns).

innerfire43 the Digger (Troll Wanderer)             Turns: 1838, Time: 00:03:53

Health: -1/48      AC:  6    Str: 23    XL:     5   Next: 28%
Magic:  6/6        EV:  9    Int:  7    God:
Gold:   95         SH:  0    Dex: 11    Spells: 6/7 levels left

rFire   . . .        a - +1 spear
rCold   . . .        (no shield)
rNeg    . . .        i - +2 animal skin
rPois   .            (helmet restricted)
rElec   +            (no cloak)
rCorr   .            (gloves unavailable)
SInv    .            (boots unavailable)
Will    .....        (no amulet)
Stlth   +            (no ring)
HPRegen 1.08/turn    (no ring)
MPRegen 0.10/turn

%: clarity
@: lethally poisoned (-1 -> -30)
A: large, unfitting armour, claws 3, regeneration 1, shaggy fur 1, tough skin 1,
agile 1, clarity, electricity resistance
a: no special abilities


You were on level 3 of the Dungeon.
You visited 1 branch of the dungeon, and saw 3 of its levels.

You collected 95 gold pieces.

Inventory:

Hand Weapons
 a - a +1 spear (weapon)
Armour
 c - a +0 robe
 i - a +2 animal skin (worn)
Wands
 j - a wand of mindburst (7)
Scrolls
 b - a scroll of fog
 e - 3 scrolls of teleportation
 g - a scroll of vulnerability
 h - a scroll of immolation
Potions
 k - a potion of heal wounds {unknown}
 l - a potion of enlightenment {unknown}
 m - a potion of curing {unknown}
 n - a potion of brilliance {unknown}
 o - a potion of lignification {unknown}


   Skills:
 + Level 1.2 Fighting
 * Level 3.6 Polearms
 + Level 1.5 Dodging
 * Level 1.5 Spellcasting
 * Level 4.4 Earth Magic


You had 6 spell levels left.
You knew the following spells:

 Your Spells              Type           Power      Damage    Failure   Level
a - Sandblast             Erth           12%        2d6       6%          1

Your spell library contained the following spells:

 Spells                   Type           Power      Damage    Failure   Level
 Passwall                 Tmut/Erth      2%         N/A       24%         2
 Lesser Beckoning         Tloc           0%         N/A       52%         2
 Gell's Gravitas          Tloc           0%         N/A       77%         3
 Teleport Other           Tloc           0%         N/A       77%         3
 Leda's Liquefaction      Hex/Erth       1%         N/A       85%         4


Dungeon Overview and Level Annotations

Branches:
Dungeon (3/15)

Altars:


Innate Abilities, Weirdness & Mutations

You are too large for most types of armour.
You have claws for hands.
Your natural rate of healing is unusually fast.
You are covered in fur. (AC +1)
You have tough skin. (AC +1)
You are agile. (Dex +4, Str/Int -1)
You possess an exceptional clarity of mind.
You are resistant to electric shocks. (rElec)


Message History

An orc comes into view. It is wielding a +0 dagger.
As you read the scroll of identify, it crumbles to dust.
g - a scroll of vulnerability
As you read the scroll of identify, it crumbles to dust.
h - a scroll of immolation An orc is nearby!
A puff of flame appears from out of thin air!
The puff of flame hits you.
You closely miss something. Something hits you.
You are poisoned.
Something you can't see is in the way.
You closely miss something.
You feel very sick. Something hits you.
You are more poisoned.
You reach to attack!
You closely miss the orc.
You feel very sick. Something hits you but does no damage.
You are more poisoned.
You barely miss the orc.
You feel very sick. The orc completely misses you.
Something hits you but does no damage.
You are more poisoned.
You puncture the orc!
You kill the orc!
You feel extremely sick. Something hits you.
You are lethally poisoned!
You are too injured to fight recklessly!
You are too injured to fight recklessly!
You are too injured to fight recklessly!
* * * LOW HITPOINT WARNING * * *
You feel extremely sick. Something hits you.
* * * LOW HITPOINT WARNING * * *
You are more poisoned.
Things that are here:
a +0 dagger; an orc corpse It was a potion of mutation.
You feel extremely strange.
Your thoughts seem clearer.
You feel agile.
You feel insulated.
You die...

#####
#.#.......#.
#...#
#.#.......#.
#...#
#.#.#'###.##
#...###...#.#
#...
#...##..#.#.#
####
#.......#.#.#
##....##.#.#.#
#.....##.#.#.#
#{@..###.#.#.#
#......#
#.#.#.#
#..##...#
#.#.# #.#
#...# #.# #..
##### .. #. .


There were no monsters in sight!

Vanquished Creatures
  Ijyb (D:3)
  Robin (D:2)
  3 gnolls (D:3)
  4 adders
  2 worms (D:2)
  A dart slug (D:3)
  An orc (D:3)
  3 bats
  6 endoplasms
  4 giant cockroaches
  11 goblins
  6 hobgoblins
  4 jackals (D:3)
  6 ball pythons
  9 frilled lizards (D:1)
  2 kobolds
  2 rats
66 creatures vanquished.

Notes
Turn   | Place    | Note
-------+----------+-------------------------------------------
     0 | D:1      | innerfire43 the Troll Wanderer began the quest for the Orb.
     0 | D:1      | innerfire43 set off with the following items: a +1 spear, a
                  | scroll of fog, a +0 robe; and the following spell
                  | memorised: Sandblast; and the following spells available to
                  | memorise: Passwall, Leda's Liquefaction.
     0 | D:1      | Reached XP level 1. HP: 19/19 MP: 1/1
   221 | D:1      | Reached XP level 2. HP: 27/27 MP: 0/2
   579 | D:1      | Reached skill level 4 in Earth Magic
   842 | D:2      | Noticed Robin
   843 | D:2      | Reached XP level 3. HP: 33/33 MP: 1/3
   877 | D:2      | Killed Robin
   994 | D:2      | Reached XP level 4. HP: 41/41 MP: 4/4
  1528 | D:3      | Reached XP level 5. HP: 35/48 MP: 1/6
  1635 | D:3      | Noticed Ijyb
  1638 | D:3      | Paralysed by Ijyb for 4 turns
  1647 | D:3      | Paralysed by Ijyb for 3 turns
  1656 | D:3      | Paralysed by Ijyb for 5 turns
  1703 | D:3      | Killed Ijyb
  1838 | D:3      | Gained mutation: You possess an exceptional clarity of
                  | mind. [potion of mutation]
  1838 | D:3      | Gained mutation: You are agile. (Dex +4, Str/Int -1)
                  | [potion of mutation]
  1838 | D:3      | Gained mutation: You are resistant to electric shocks.
                  | (rElec) [potion of mutation]
  1838 | D:3      | Succumbed to an orc wizard's poison

Illustrated notes

Levels and vault maps discovered:
D:1:      amcnicky_arrival_flooded_fountain, layout_basic, minmay_lizard_king
D:2:      layout_basic, hangedman_decor_peaks_small, minmay_misc_feat_room,
          kennysheep_boxes, uniq_robin
D:3:      cheibrodos_fertilizer, layout_basic, lemuel_crystal_altar,
          nicolae_vehumet_altar_sigil, uniq_ijyb

Skill      XL: |  1  2  3 |
---------------+----------+-----
Earth Magic    | 4 |  4.4
Polearms       | 3 |  3.6
Fighting       | |  1.2
Dodging        | |  1.5
Spellcasting   | |  1.5

Action                     |  1- 3 |  4- 6 || total
---------------------------+-------+-------++-------
  Melee: Spear             |   137 |   118 ||   255
         Punch             |     2 |       ||     2
   Cast: Sandblast         |     7 |    16 ||    23
    Use: Scroll            |       |     3 ||     3
         Potion            |       |     1 ||     1
 Armour: Robe              |    63 |       ||    63
         Animal skin       |     3 |    50 ||    53
  Dodge: Dodged            |    83 |    62 ||   145

Table legend: (Time is in decaauts)
 A = Elapsed time spent in this place.
 B = Non-inter-level travel time spent in this place.
 C = Inter-level travel time spent in this place.
 D = Time resting spent in this place.
 E = Time spent auto-exploring this place.
 F = Levels seen in this place.
 G = Mean time per level.
                   A        B        C        D        E       F      G
               +--------+--------+--------+--------+--------+-----+--------+
         Total |   1835 |   1800 |     35 |      0 |   1354 |   3 |  611.7 |
       Dungeon |   1835 |   1800 |     35 |      0 |   1354 |   3 |  611.7 |
               +--------+--------+--------+--------+--------+-----+--------+

Top non-repeatable levels by time:
     D:2: 702 daAuts
     D:1: 676 daAuts
     D:3: 456 daAuts
